AoeStats
← 穿山甲

Nomad

506118823Analyzed
4v4 RM · 19d ago on Sep 12, 2026· 18m 26s· 8 players
Game mode
Random Map
Map size
231×231
Population
200
Speed
Normal
Resources
Standard
Victory
Conquest
Starting age
Dark Age
Ending age
Imperial Age
RankedLock teamsTeams togetherTeam positionsShared explorationLock speedFull tech treeHidden civsTurbo modeCheats
Victory
Defeat
🇨🇳 Spanish · China
1544
+10
🇨🇳 Khitans · China
1537
+10
🇨🇳 Celts · China
1431
+14
🇨🇳 Bulgarians · China
1391
+16
🇹🇼 Teutons · Taiwan
1424
-14
🇮🇳 Romans · India
1423
-14
🇭🇰 Huns · Hong Kong SAR China
1371
-11
🇨🇳 Cumans · China
1370
-11
ggsadpom,sdf
5:18 Loom
5:30 Loom
12:22 Feudal Age
12:50 Town Watch
14:11 Fletching
418436883
5:06 Loom
15:20 Feudal Age
17:05 Double-Bit Axe
crazy ant
8:55 Loom
20:05 Feudal Age
Wolfsbane
3:24 Loom
13:15 Feudal Age
13:37 Man-at-Arms
14:44 Double-Bit Axe
16:55 Scale Mail Armor
17:15 Forging
17:37 Horse Collar
Coriandrum sativum
8:43 Loom
16:15 Feudal Age
19:45 Castle Age
17:34 Double-Bit Axe
18:34 Scale Mail Armor
18:20 Domestication
穿山甲
12:25 Feudal Age
16:14 Castle Age
15:14 Scale Barding Armor
15:20 Forging
15:52 Bloodlines
16:13 Double-Bit Axe
YiTiaoQu
13:30 Feudal Age
12:43 Loom
17:39 Castle Age
instant cereal
8:08 Loom
13:46 Feudal Age
17:19 Castle Age
15:18 Double-Bit Axe
15:46 Fishing Lines
16:15 Stone Mining
18:04 Forging
18:29 Gillnets
Connection lost

Rejoining the realm…

Still unreachable

The connection could not be restored.

Session expired

The server has moved on; the page needs a fresh start.